 Dungeon Crawl Stone Soup version 0.29.1-1-gd02db6906a (webtiles) character file.

Game seed: 8975921960388572988

223 Doomgape the Ruffian (level 6, -4/34 HPs)
             Began as a Gargoyle Transmuter on Sept 17, 2022.
             Slain by an ogre
             ... wielding a +0 giant club
              (22 damage)
             ... on level 4 of the Dungeon.
             The game lasted 00:09:34 (4664 turns).

Doomgape the Ruffian (Gargoyle Transmuter)          Turns: 4664, Time: 00:09:34

Health: -4/34      AC:  7    Str: 16    XL:     6   Next: 0%
Magic:  10/10      EV: 11    Int: 13    God:
Gold:   214        SH:  0    Dex: 10    Spells: 6/11 levels left

rFire   . . .      SeeInvis .     - Unarmed
rCold   . . .      Faith    .   (no shield)
rNeg    + . .      Spirit   .   a - +1 robe
rPois   ∞          Reflect  .   (helmet currently unavailable)
rElec   +          Harm     .   (no cloak)
rCorr   .          Rampage  .   (no gloves)
Will    .....                   (boots currently unavailable)
Stlth   +.........              d - amulet of magic regeneration
HPRegen 0.11/turn               (no ring)
MPRegen 0.52/turn               (no ring)

@: appendages (expiring)
A: horns 2, talons 2, sickness immunity, AC +4, negative energy resistance 1,
electricity resistance, torment resistance 1, petrification resistance
a: End Transformation


You were on level 4 of the Dungeon.
You had temporarily grown beastly horns and talons.
You visited 1 branch of the dungeon, and saw 4 of its levels.
You also visited: Sewer.

You collected 214 gold pieces.

Inventory:

Missiles
 h - a throwing net
Armour
 a - a +1 robe (worn)
Jewellery
 d - an amulet of magic regeneration (around neck)
Wands
 i - a wand of charming (12)
Scrolls
 c - 4 scrolls of identify
 j - a scroll of fear
 l - a scroll of enchant armour
 q - a scroll of vulnerability {unknown}
Potions
 e - a potion of might {unknown}
 f - a potion of curing
 k - a potion of brilliance {unknown}
 m - 3 potions of heal wounds {unknown}
 r - a potion of cancellation {unknown}


   Skills:
 - Level 1.1 Fighting
 - Level 1.5 Dodging
 - Level 5.0 Unarmed Combat
 + Level 3.2 Spellcasting
 + Level 2.8 Transmutations


You had 6 spell levels left.
You knew the following spells:

 Your Spells              Type           Power      Damage    Failure   Level
a - Beastly Appendage     Tmut           18%        N/A       7%          1
b - Ice Form              Ice/Tmut       5%         N/A       77%         4

Your spell library contained the following spells:

 Spells                   Type           Power      Damage    Failure   Level
 Wereblood                Tmut           9%         N/A       11%         2
 Shock                    Conj/Air       8%         1d3       22%         1
 Spider Form              Tmut/Pois      5%         N/A       36%         3
 Swiftness                Air            2%         N/A       56%         3
 Airstrike                Air            1%         2d(1-17)  92%         4


Dungeon Overview and Level Annotations

Branches:
Dungeon (4/15)              Sewer (visited)
 Temple: D:4-7

Altars:
Kikubaaqudgha


Innate Abilities, Weirdness & Mutations

You have temporarily grown beastly horns and talons.
You are immune to sickness and miasma.
Your stone body is resilient. (AC +4)
You are immune to poison.
You resist negative energy. (rN+)
You are resistant to electric shocks. (rElec)
You are resistant to unholy torment.
You are immune to petrification.


Message History

Confirm with . or Enter, or press ? or * to list all spells.
You grow a pair of large bovine horns.
Your feet morph into talons.
You open the door.
A bullfrog and an iguana come into view.
The goblin shoots a sling bullet.
The sling bullet hits you.
The goblin shoots a sling bullet.
The sling bullet misses you.
Your transformation is almost over.
The goblin shoots a sling bullet.
The sling bullet closely misses you.
The goblin unwields a +0 sling.
The goblin wields a +0 club.
The goblin hits you but does no damage.
You hit the goblin but do no damage. Your kick misses the goblin.
The goblin hits you with a +0 club.
You hit the goblin. Your kick misses the goblin.
Your headbutt misses the goblin.
The goblin is heavily wounded.
The goblin closely misses you.
You hit the goblin.
You kill the goblin!
You have reached level 6!
Things that are here:
a +0 club; a +0 sling; a goblin corpse You start resting.
Your horns disappear.
Your talons disappear.
You hear the slow hiss of a very distant avalanche of sand.
You start resting.
You hear the slow hiss of a very distant avalanche of sand.
You start resting.
HP restored.
Found a ring mail.
You see here a +0 ring mail.
Casting: Beastly Appendage (safe; 7% risk of failure)
Confirm with . or Enter, or press ? or * to list all spells.
You grow a pair of large bovine horns.
Your feet morph into talons.
An ogre comes into view. It is wielding a +0 giant club.
Your transformation is almost over.
The ogre shouts!
The ogre hits you with a +0 giant club!
You hit the ogre but do no damage.
The ogre hits you with a +0 giant club!!
Ouch! That really hurt!
You die...

.. #. # #. .# #. ..#
#.###..# ..#..# #.O.#
#@# #.# #.# ##.# ##..#
#.........####...#####
+.........+...........
.F.......####...#####
......l ##..#


You could see an ogre.

Vanquished Creatures
  Pargi (Sewer)
  5 adders
  6 worms
  2 dart slugs (D:2)
  2 orcs (D:3)
  4 endoplasms
  3 giant cockroaches
  5 goblins
  8 hobgoblins
  A jackal (D:3)
  A quokka (D:3)
  6 ball pythons
  8 bats
  5 frilled lizards
  8 kobolds
  5 rats
70 creatures vanquished.

Notes
Turn   | Place    | Note
-------+----------+-------------------------------------------
     0 | D:1      | Doomgape the Gargoyle Transmuter began the quest for the
                  | Orb.
     0 | D:1      | Reached XP level 1. HP: 12/12 MP: 3/3
   160 | D:1      | Reached XP level 2. HP: 13/16 MP: 3/5
   811 | D:1      | Reached skill level 4 in Unarmed Combat
  1187 | D:2      | Found an ancient bone altar of Kikubaaqudgha.
  1246 | D:2      | Reached XP level 3. HP: 14/20 MP: 6/6
  2148 | D:2      | Reached XP level 4. HP: 18/25 MP: 7/7
  2285 | D:2      | Reached skill level 5 in Unarmed Combat
  2969 | D:3      | Found a faded altar of an unknown god.
  3200 | D:3      | Found a glowing drain.
  3228 | Sewer    | Entered a sewer
  3658 | Sewer    | Noticed Pargi
  3666 | Sewer    | Killed Pargi
  3667 | Sewer    | Reached XP level 5. HP: 29/29 MP: 7/9
  4530 | D:4      | Learned a level 4 spell: Ice Form
  4543 | D:4      | Reached XP level 6. HP: 24/34 MP: 10/10
  4664 | D:4      | Slain by an ogre

Illustrated notes

Levels and vault maps discovered:
D:1:      saegor_arrival_simple_c, layout_loops_ring,
          amcnicky_mini_corridor_feature
D:2:      kennysheep_six_static_rooms, layout_loops_corners, basic_altar,
          item_on_display_a
D:3:      layout_loops_corners, cheibrodos_sewer_entry_drain,
          basic_ecumenical_altar, minmay_between
D:4:      layout_loops_corners, enter_ossuary_4, nrook_loot_triangle

Skill      XL: |  1  2  3  4 |
---------------+-------------+-----
Unarmed Combat | 4 5 |  5.0
Transmutations | 2 |  2.8
Spellcasting   | 3 |  3.2
Fighting       | |  1.1
Dodging        | |  1.5

Action                   |  1- 3 |  4- 6 || total
-------------------------+-------+-------++-------
Melee: Unarmed           |    99 |   102 ||   201
       Kick              |    12 |    19 ||    31
       Headbutt          |     9 |     7 ||    16
       Punch             |       |     2 ||     2
 Cast: Beastly Appendage |    30 |    29 ||    59
  Use: Potion            |       |     2 ||     2
       Scroll            |       |     7 ||     7
 Stab: Sleeping          |     2 |       ||     2
Armor: Robe              |    43 |    34 ||    77
       Skin              |       |     9 ||     9
Dodge: Dodged            |    44 |    66 ||   110
